 Dungeon Crawl Stone Soup version 0.20-a0-1026-gc3ddcbd (webtiles) character file.

490351 JeffiDaFish the Hoplite (level 24, -13/149 HPs)
             Began as a Gargoyle Fighter on Apr 21, 2017.
             Was the Champion of Okawaru.
             Mangled by an iron troll (24 damage)
             ... on level 1 of the Depths.
             The game lasted 02:09:34 (46165 turns).

JeffiDaFish the Hoplite (Gargoyle Fighter)         Turns: 46165, Time: 02:09:34

Health: -13/149    AC: 69    Str: 26      XL:     24   Next: 71%
Magic:  12/32      EV: 15    Int:  9 (10) God:    Okawaru [******]
Gold:   4767       SH: 35    Dex: 24 (25) Spells: 22/23 levels left

rFire    . . .     SeeInvis +   u - +9 demon whip (slash)
rCold    . . .     Gourm    .   I - +10 large shield of Ignorance {rN+ Int-4}
rNeg     + + +     Faith    .   o - +8 orange crystal plate armour {Archmagi, Int+3 Clar}
rPois    ∞         Spirit   .   M - +2 helmet {SInv}
rElec    +         Reflect  .   s - +2 cloak
rCorr    .         Harm     .   p - +3 pair of gauntlets of War {Slay+5}
MR       +....     Clarity  +   L - +2 pair of boots {Stlth+}
Stlth    ..........             w - amulet of regeneration
Regen    0.8/turn               e - ring "Foss" {rN+ MR+ Str+4 Dex+3}
MPRegen  0.3/turn               v - ring "Vypa" {+Blink MR- MP+9 Dex+5}

@: flying, slowed, very slow
A: big wings, blink, deterioration 1, frail 1, negative energy resistance 1,
electricity resistance, unbreathing, petrification resistance, rot immunity, AC
+17
}: 3/15 runes: decaying, silver, gossamer
a: Stop Flying, Blink, Heroism, Finesse, Renounce Religion, Evoke Blink


You were on level 1 of the Depths.
You worshipped Okawaru.
Okawaru was exalted by your worship.
You were hungry.

You visited 9 branches of the dungeon, and saw 41 of its levels.
You visited the Abyss 2 times.
You also visited: Ice Cave.

You collected 5731 gold pieces.
You spent 964 gold pieces at shops.

Inventory:

Hand Weapons
 u - a +9 demon whip of slashing (weapon)
 B - the +6 eveningstar "Madugi" {antimagic, rN++ Str+2}
   (Okawaru gifted it to you on level 4 of the Vaults)

   It reduces the magical energy of the wielder, and disrupts the spells and
   magical abilities of those hit.
   Natural abilities and divine invocations are not affected.
   It affects your strength (+2).
   It greatly protects you from negative energy.
Armour
 o - the +8 orange crystal plate armour (worn) {Archmagi, Int+3 Clar}
   (You found it on level 4 of the Dungeon)

   It affects your intelligence (+3).
   It protects you against confusion.
 p - the +3 pair of gauntlets of War (worn) {Slay+5}
   (Okawaru gifted it to you on level 1 of the Lair of Beasts)

   It affects your accuracy and damage with ranged weapons and melee attacks
   (+5).
 s - a +2 cloak (worn)
 I - the +10 large shield of Ignorance (worn) {rN+ Int-4}
   (You bought it in a shop on level 2 of the Orcish Mines)

   It affects your intelligence (-4).
   It protects you from negative energy.
 K - a +5 crystal plate armour
 L - a +2 pair of boots of stealth (worn)
 M - a +2 helmet of see invisible (worn)
 R - the scarf of the Armadillo {MR+ Regen+ SInv}
   (Okawaru gifted it to you on level 3 of the Elven Halls)

   It affects your resistance to hostile enchantments.
   It lets you see invisible.
   It increases your rate of regeneration.
Jewellery
 e - the ring "Foss" (left hand) {rN+ MR+ Str+4 Dex+3}
   (You found it on level 3 of the Vaults)

   [ring of protection from magic]

   It affects your strength (+4).
   It affects your dexterity (+3).
   It protects you from negative energy.
   It affects your resistance to hostile enchantments.
 v - the ring "Vypa" (right hand) {+Blink MR- MP+9 Dex+5}
   (You found it on level 3 of the Vaults)

   [ring of magical power]

   It affects your dexterity (+5).
   It affects your resistance to hostile enchantments.
   It affects your magic capacity (+9).
   It lets you blink.
 w - an amulet of regeneration (around neck)
 x - a +4 ring of strength
 y - an uncursed ring of protection from cold
Scrolls
 a - 4 scrolls of magic mapping
 c - 2 scrolls of holy word
 g - 12 scrolls of recharging
 n - 25 scrolls of teleportation
 r - 4 scrolls of fear
 z - 17 scrolls of remove curse
 A - 3 scrolls of amnesia
 J - 3 scrolls of fog
Potions
 b - 3 potions of agility
 l - 2 potions of ambrosia
 m - 13 potions of curing
 q - 2 potions of cancellation
 t - 6 potions of brilliance
 C - 3 potions of invisibility
 D - 2 potions of haste
 F - 6 potions of berserk rage
 N - 6 potions of might
 O - 2 potions of magic
 U - 2 potions of resistance
Books
 i - a book of Cantrips

   Spells                             Type                      Level
   a - Confusing Touch                Hexes                        1
   b - Animate Skeleton               Necromancy                   1
   c - Summon Small Mammal            Summoning                    1
   d - Apportation                    Translocation                1
 E - a book of Beasts

   Spells                             Type                      Level
   a - Summon Butterflies             Summoning                    1
   b - Call Canine Familiar           Summoning                    3
   c - Summon Ice Beast               Ice/Summoning                4
   d - Summon Mana Viper              Hexes/Summoning              5
   e - Summon Hydra                   Summoning                    7
 G - the Compendium of Evil
   (You found it on level 3 of the Elven Halls)

   Spells                             Type                      Level
   a - Control Undead                 Necromancy                   4
   b - Bolt of Draining               Conjuration/Necromancy       5
   c - Cigotuvi's Embrace             Necromancy                   5
   d - Death Channel                  Necromancy                   6
 P - the Compendium of Congealing Transmigration
   (You found it on level 3 of the Elven Halls)

   Spells                             Type                      Level
   a - Freeze                         Ice                          1
   b - Beastly Appendage              Transmutation                1
   c - Ensorcelled Hibernation        Hexes/Ice                    2
   d - Passwall                       Transmutation/Earth          2
   e - Summon Ice Beast               Ice/Summoning                4
   f - Irradiate                      Conjuration/Transmutation    5
   g - Blade Hands                    Transmutation                5
Comestibles
 d - 7 chunks of flesh
 f - 21 bread rations
 h - 26 royal jellies
 j - 24 meat rations
 k - 54 fruits


   Skills:
 * Level 21.0 Fighting
 * Level 20.0 Maces & Flails
 * Level 20.9 Armour
 + Level 12.5 Dodging
 - Level 0.8 Stealth
 * Level 21.6 Shields
 - Level 0.2 Unarmed Combat
 - Level 0.7 Necromancy


You had 22 spell levels left.
You knew the following spells:

 Your Spells              Type           Power        Failure   Level  Hunger
a - Animate Skeleton      Necr           N/A          99%         1    ##.....


Dungeon Overview and Level Annotations

Branches:
Dungeon (15/15)            Temple (1/1) D:4            Lair (6/6) D:11
  Swamp (4/4) Lair:3       Spider (4/4) Lair:4        Slime (0/5) Lair:5
    Orc (2/2) D:10            Elf (3/3) Orc:2        Vaults (5/5) D:14
  Crypt (0/3) Vaults:3     Depths (1/5) D:15

Altars:
Ashenzari
Cheibriados
Dithmenos
Elyvilon
Fedhas
Gozag
Hepliaklqana
Kikubaaqudgha
Makhleb
Nemelex Xobeh
Okawaru
Qazlal
Ru
Sif Muna
Trog
Uskayaw
Vehumet
Wu Jian
Xom
Yredelemnul
Zin
The Shining One
Beogh

Shops:
D:4 (   D:8 :   D:10 }   D:14 **   Orc:2 [*[(   Elf:1 ((%   Vaults:1 %
Vaults:3 }   Vaults:4 *   Vaults:5 !:

Annotations:
D:9 2 runed doors


Innate Abilities, Weirdness & Mutations

You are resistant to torment.
Your stone body is resilient. (AC +17)
You are immune to poison.
Your large and strong wings let you fly indefinitely.
You resist negative energy. (rN+)
You are resistant to electric shocks. (rElec)
You can survive without breathing.
You are immune to petrification.
You are immune to rotting.
You can translocate small distances at will.
Your body sometimes deteriorates upon taking damage.
You are frail. (-10% HP)


Message History

You punish the deep troll shaman, causing immense pain!!!
The deep troll shaman is almost dead.
You block the deep troll's attack. The deep troll closely misses you.
You block the deep troll's attack.
The deep troll shaman calls upon its god to strengthen the iron troll.
The iron troll seems to grow stronger.
The iron troll bites you!!
* * * LOW HITPOINT WARNING * * *
You block the iron troll's attack. The iron troll claws you!!
* * * LOW HITPOINT WARNING * * *
Your body deteriorates!
You feel clumsy.
You punish the deep troll shaman, causing immense pain!!!
You kill the deep troll shaman!
Okawaru accepts your kill.
You hear a bellow!
You block the deep troll's attack. x3
You hear a bellow!
Your orange crystal plate armour prevents you from hitting the iron troll.
The iron troll is almost dead.
The iron troll bites you!!
You die...

#######
#...T@#
#...TT#
#.....#
#.....#
#.....+
#.....#
####+##


You could see 2 iron trolls and a deep troll.

Vanquished Creatures
  2 ancient liches
  Saint Roka (Orc:2)
  Frederick (Vaults:3)
  2 golden dragons (Vaults:5)
  Arachne (Spider:4)
  A bone dragon (Abyss:3)
  Rupert (D:14)
  2 deep elf master archers (Elf:3)
  A lich (Vaults:3)
  2 deep elf blademasters (Elf:3)
  A quicksilver dragon (Vaults:5)
  6 titans (Vaults:5)
  5 sphinxes
  Agnes (Elf:1)
  The ghost of Akett the Naga Aeon, an adept NaSu of Cheibriados (Swamp:4)
  3 shadow dragons
  Gastronok (Lair:3)
  5 thorn hunters
  3 tentacled starspawn
  Roxanne (D:14)
  Donald (Spider:1)
  4 storm dragons
  A tengu reaver (Vaults:4)
  5 fire giants
  9 frost giants
  An orc warlord (Orc:2)
  6 ghost moths
  5 deep elf sorcerers
  3 emperor scorpions
  Aizul (Swamp:2)
  Louise (D:14)
  2 iron dragons
  15 vault wardens
  19 ironheart preservers
  3 deep elf elementalists (Elf:3)
  A very ugly thing (Vaults:5)
  6 stone giants
  A war gargoyle (Vaults:5)
  7 entropy weavers
  The ghost of tcjsavannah the Brawler, a journeyman TrMo of Wu Jian (Lair:5)
  Nessos (D:14)
  5 deep elf annihilators
  The ghost of Rewans the Protected, a journeyman FoGl of Okawaru (Lair:3)
  3 deep elf demonologists
  7 spark wasps
  A spark wasp (shapeshifter) (Vaults:5)
  9 deep elf death magi
  Snorg (D:11)
  10 ettins
  12 yaktaur captains
  Josephine (Lair:6)
  3 fire dragons
  Fannar (Lair:3)
  4 great orbs of eyes
  4 deep elf high priests
  Erolcha (D:11)
  25 hydras
  2 catoblepae
  29 vault guards
  A hydra (shapeshifter) (Vaults:5)
  5 rakshasas
  4 ice dragons
  13 centaur warriors
  15 ogre magi
  2 death knights
  10 alligators
  33 dancing weapons
  A vampire mage (Depths:1)
  39 two-headed ogres
  3 tengu warriors
  3 deep troll earth magi
  6 orc high priests
  6 death yaks
  2 spriggan berserkers (Depths:1)
  5 deep troll shamans
  24 deep elf knights
  A wretched star (Abyss:5)
  Sonja (D:14)
  Nergalle (Lair:3)
  A hell knight (Vaults:5)
  A shadow wraith (Vaults:1)
  6 skeletal warriors
  A spatial maelstrom (Abyss:3)
  An unseen horror (shapeshifter) (Vaults:5)
  An unseen horror (Vaults:1)
  11 deep trolls
  7 swamp dragons
  7 wizards
  A spriggan druid (Swamp:3)
  14 deep elf archers
  2 shambling mangroves
  76 deep elf magi
  A harpy (shapeshifter) (D:13)
  A glowing orange brain (Vaults:1)
  3 necromancers
  A lindwurm (Lair:6)
  2 phantasmal warriors
  4 flayed ghosts
  15 orb spiders
  9 harpies
  18 ironbrand convokers
  An orb spider (shapeshifter) (Vaults:2)
  15 orc knights
  33 wolf spiders
  A mana viper (shapeshifter) (Vaults:5)
  A wolf spider (shapeshifter) (Vaults:5)
  9 orc sorcerers
  10 cyclopes
  A manticore (D:14)
  26 ugly things
  2 moths of wrath (Spider:4)
  A sphinx skeleton (Vaults:4)
  2 worldbinders (Abyss:3)
  13 elephants
  An ice statue (IceCv)
  5 centaur zombies
  A guardian serpent (shapeshifter) (D:15)
  2 black mambas (Lair:6)
  2 eyes of devastation (shapeshifter)
  A black mamba (shapeshifter) (Depths:1)
  2 naga magi (D:15)
  Maurice (D:11)
  3 kobold demonologists (D:15)
  14 vault sentinels
  31 spiny frogs
  A gargoyle (D:10)
  An efreet (D:12)
  7 komodo dragons
  3 rime drakes
  6 freezing wraiths
  28 yaktaurs
  A komodo dragon (shapeshifter) (Abyss:3)
  An ancient zyme (Abyss:5)
  A tormentor (Abyss:5)
  A tengu conjurer (D:13)
  13 demonic crawlers
  A queen bee (shapeshifter) (Vaults:3)
  13 tyrant leeches
  23 jumping spiders
  7 trolls
  3 meliai (D:10)
  A hornet (shapeshifter) (Vaults:4)
  8 raiju (Abyss:3)
  18 hornets
  33 blink frogs
  A slime creature (shapeshifter) (Vaults:5)
  29 slime creatures
  17 polar bears
  A raiju (shapeshifter) (Vaults:2)
  2 bog bodies
  7 hippogriffs
  4 air elementals
  A shadow (Swamp:2)
  Sigmund (D:6)
  A ynoxinul (Abyss:3)
  9 spriggans
  A water elemental (Elf:1)
  2 vampires (D:14)
  83 redbacks
  28 tarantellas
  17 starcursed masses
  8 wraiths
  3 fire elementals (Elf:3)
  A golden eye (shapeshifter) (Vaults:1)
  5 basilisks
  5 wyverns
  56 yaks
  A steam dragon (D:11)
  6 hungry ghosts
  A yaktaur simulacrum (Vaults:2)
  Menkaure (D:5)
  4 large abominations (Abyss:3)
  30 vampire mosquitoes
  28 swamp worms
  14 insubstantial wisps
  3 acid dragons
  8 wargs
  3 soldier ants
  A swamp worm (shapeshifter) (Elf:3)
  Duvessa (D:7)
  6 porcupines
  8 water moccasins
  53 orc warriors
  3 phantoms
  9 ice beasts
  6 sky beasts
  2 black bears (shapeshifter) (Vaults:1)
  An eye of draining (shapeshifter) (Vaults:5)
  14 swamp drakes
  A swamp drake (shapeshifter) (Vaults:1)
  A tengu (shapeshifter) (Vaults:1)
  3 eyes of draining
  50 ogres
  5 boggarts
  25 centaurs
  3 necrophages (D:6)
  19 wolves (IceCv)
  14 crocodiles
  A small abomination (Abyss:3)
  A human zombie (Vaults:4)
  4 big kobolds
  28 bullfrogs
  2 earth elementals
  3 wyvern zombies
  Dowan (D:7)
  3 scorpions
  A human simulacrum (Vaults:2)
  14 killer bees
  4 howler monkeys
  13 wights
  3 electric eels
  10 crimson imps
  A bullfrog zombie (D:13)
  3 quasits
  7 centaur skeletons
  40 orc priests
  3 bullfrog skeletons
  5 hounds
  8 jellies
  30 orc wizards
  3 iguanas
  Ijyb (D:3)
  10 worker ants
  2 killer bee zombies (D:6)
  4 hound zombies
  A howler monkey zombie (D:11)
  3 worker ant zombies
  Robin (D:3)
  3 gnolls (D:4)
  16 adders
  6 shadow imps
  A white imp (Abyss:3)
  6 oozes
  A dart slug (D:1)
  2 leopard geckos
  121 orcs
  6 bats
  2 giant cockroaches
  11 hobgoblins
  12 jackals
  33 kobolds
  6 quokkas
  3 frilled lizards
  14 goblins
  A jackal skeleton (D:8)
  A jackal zombie (D:9)
  2 leopard gecko skeletons
  A leopard gecko zombie (D:6)
  9 rats
  A crawling corpse (Elf:3)
  A starspawn tentacle (Abyss:5)
2034 creatures vanquished.

Vanquished Creatures (others)
  A deep elf mage (Elf:3)
  A yak (IceCv)
  A golden eye (shapeshifter) (Elf:3)
  A small abomination (Abyss:3)
  An eye of draining (Abyss:3)
  An ogre (Vaults:3)
  A boggart (Vaults:1)
  A wolf (IceCv)
  A centaur (D:8)
  3 orcs
  2 bushes (D:6)
  6 fungi
  36 plants
  10 starspawn tentacles
66 creatures vanquished.

Grand Total: 2100 creatures vanquished

Notes
Turn   | Place    | Note
-------+----------+-------------------------------------------
     0 | D:1      | JeffiDaFish the Gargoyle Fighter began the quest for the Orb.
     0 | D:1      | Reached XP level 1. HP: 14/14 MP: 1/1
   203 | D:1      | Reached XP level 2. HP: 19/19 MP: 2/2
   326 | D:1      | Gained mutation: Your body sometimes deteriorates upon taking damage. [potion of mutation]
   326 | D:1      | Gained mutation: You can translocate small distances at will. [potion of mutation]
   680 | D:1      | Reached XP level 3. HP: 22/24 MP: 3/3
  1108 | D:2      | Found a faded altar of an unknown god.
  1115 | D:2      | Reached XP level 4. HP: 29/29 MP: 4/4
  1661 | D:3      | Noticed Ijyb
  1680 | D:3      | Killed Ijyb
  1876 | D:3      | Found a shimmering altar of Xom.
  1880 | D:3      | Found a sparkling altar of Nemelex Xobeh.
  1939 | D:3      | Noticed Robin
  1947 | D:3      | Reached XP level 5. HP: 30/33 MP: 5/5
  1978 | D:3      | Killed Robin
  2155 | D:3      | Noticed a sky beast
  2162 | D:3      | Killed a sky beast
  2162 | D:3      | Reached XP level 6. HP: 29/38 MP: 6/6
  2414 | D:3      | Noticed a sky beast
  2474 | D:3      | Killed a sky beast
  2474 | D:3      | Reached skill level 1 in Dodging
  2474 | D:3      | Reached skill level 5 in Shields
  2881 | D:4      | Reached XP level 7. HP: 43/44 MP: 7/7
  2997 | D:4      | Found Zopukh's Antique Weapon Shop.
  3040 | D:4      | Reached skill level 5 in Maces & Flails
  3130 | D:4      | Found a staircase to the Ecumenical Temple.
  3143 | Temple   | Entered the Ecumenical Temple
  3182 | Temple   | Became a worshipper of Warmaster Okawaru
  3277 | D:4      | Reached skill level 5 in Armour
  3449 | D:5      | Entered Level 5 of the Dungeon
  3652 | D:5      | Noticed Menkaure
  3661 | D:5      | Killed Menkaure
  3901 | D:5      | Reached * piety under Okawaru
  3901 | D:5      | Reached XP level 8. HP: 33/48 MP: 8/8
  4109 | D:5      | Reached skill level 5 in Fighting
  5243 | D:6      | Reached ** piety under Okawaru
  5472 | D:6      | Reached XP level 9. HP: 55/55 MP: 9/9
  5876 | D:6      | Noticed Sigmund
  5909 | D:6      | Killed Sigmund
  5975 | D:6      | Reached *** piety under Okawaru
  6118 | D:6      | Found a shadowy altar of Dithmenos.
  6269 | D:6      | Found a blossoming altar of Fedhas.
  6505 | D:7      | Reached **** piety under Okawaru
  6599 | D:7      | Noticed Duvessa
  6599 | D:7      | Noticed Dowan
  6612 | D:7      | Killed Duvessa
  6612 | D:7      | Reached XP level 10. HP: 61/63 MP: 10/10
  6630 | D:7      | Killed Dowan
  6882 | D:7      | Paralysed by fainting for 8 turns
  7635 | D:8      | Noticed a two-headed ogre
  7648 | D:8      | Killed a two-headed ogre
  7690 | D:8      | Found a stormy altar of Qazlal.
  7810 | D:8      | Noticed a two-headed ogre
  7819 | D:8      | Killed a two-headed ogre
  7878 | D:8      | Paralysed by fainting for 8 turns
  8034 | D:8      | Found an ancient bone altar of Kikubaaqudgha.
  8152 | D:8      | Found Ruylad's Book Shop.
  8167 | D:8      | Found a blossoming altar of Fedhas.
  8168 | D:8      | Found a bloodstained altar of Trog.
  8348 | D:9      | Noticed a brown ugly thing
  8370 | D:9      | Killed a brown ugly thing
  8370 | D:9      | Reached XP level 11. HP: 45/69 MP: 11/11
  8538 | D:9      | Received a gift from Okawaru
  8543 | D:9      | Found a large runed door.
  8543 | D:9      | Found a large runed door.
  8554 | D:9      | Noticed a two-headed ogre
  8564 | D:9      | Killed a two-headed ogre
  8739 | D:9      | Reached ***** piety under Okawaru
  8795 | D:9      | Reached skill level 10 in Shields
  8861 | D:9      | Noticed a two-headed ogre
  8876 | D:9      | Killed a two-headed ogre
  8950 | D:9      | Found an opulent altar of Gozag.
  9046 | D:9      | Found a hide-covered altar of Uskayaw.
  9075 | D:9      | Found a large runed door.
  9075 | D:9      | Found a large runed door.
  9153 | D:9      | Noticed a two-headed ogre
  9164 | D:9      | Killed a two-headed ogre
  9404 | D:9      | Received a gift from Okawaru
  9507 | D:9      | Reached skill level 10 in Armour
  9587 | D:10     | Entered Level 10 of the Dungeon
  9809 | D:10     | Reached XP level 12. HP: 75/77 MP: 12/12
  9946 | D:10     | Found a staircase to the Orcish Mines.
  9985 | D:10     | Found Dosagulu's Gadget Boutique.
 10135 | D:11     | Reached skill level 10 in Fighting
 10164 | D:11     | Noticed Erolcha
 10183 | D:11     | Killed Erolcha
 10264 | D:11     | Reached skill level 5 in Dodging
 10332 | D:11     | Reached skill level 10 in Maces & Flails
 10376 | D:11     | Noticed Snorg
 10413 | D:10     | HP: 1/77 [red ugly thing (11)]
 10568 | D:11     | Killed Snorg
 10770 | D:11     | Noticed Maurice
 10779 | D:11     | Killed Maurice
 11104 | D:11     | Found a staircase to the Lair.
 11468 | Lair:1   | Entered Level 1 of the Lair of Beasts
 11592 | Lair:1   | Reached ****** piety under Okawaru
 11668 | Lair:1   | Received a gift from Okawaru
 11735 | Lair:1   | Reached XP level 13. HP: 47/84 MP: 13/13
 12569 | Lair:2   | You fall through a shaft!
 12672 | Lair:2   | Found a frozen archway.
 12725 | IceCv    | Entered an ice cave
 13172 | IceCv    | Received a gift from Okawaru
 13398 | IceCv    | Noticed a frost giant
 13415 | IceCv    | Killed a frost giant
 14041 | Lair:3   | Noticed Fannar
 14061 | Lair:3   | Killed Fannar
 14118 | Lair:3   | Noticed Nergalle
 14130 | Lair:3   | Killed Nergalle
 14197 | Lair:3   | Noticed Gastronok
 14215 | Lair:3   | Killed Gastronok
 14215 | Lair:3   | Gained mutation: Your large and strong wings let you fly indefinitely. [Gargoyle growth]
 14215 | Lair:3   | Reached XP level 14. HP: 92/92 MP: 14/14
 14387 | Lair:3   | Noticed Rewans's ghost (journeyman FoGl)
 14419 | Lair:3   | Killed Rewans's ghost
 14472 | Lair:3   | Found a staircase to the Swamp.
 15354 | Lair:4   | Received a gift from Okawaru
 15460 | Lair:4   | Found a hole to the Spider Nest.
 15669 | Lair:5   | Found a staircase to the Slime Pits.
 15722 | Lair:5   | Noticed tcjsavannah's ghost (journeyman TrMo)
 15774 | Lair:5   | Killed tcjsavannah's ghost
 16557 | Lair:6   | Entered Level 6 of the Lair of Beasts
 16565 | Lair:6   | Received a gift from Okawaru
 16829 | Lair:6   | Received a gift from Okawaru
 16836 | Lair:6   | Reached XP level 15. HP: 76/99 MP: 15/15
 17267 | Lair:6   | Noticed Josephine
 17278 | Lair:6   | Killed Josephine
 17466 | Lair:6   | Identified the cursed +0 pair of gloves "Osuvopn" {rC- MR+++ Regen+ Stlth+} (You found it on level 6 of the Lair of Beasts)
 19141 | D:13     | Received a gift from Okawaru
 20059 | D:14     | Noticed Louise
 20093 | D:14     | Cast into level 3 of the Abyss (Louise)
 20238 | Abyss:3  | Received a gift from Okawaru
 20309 | Abyss:3  | Received a gift from Okawaru
 20309 | Abyss:3  | Reached skill level 15 in Shields
 20332 | Abyss:3  | Noticed a bone dragon
 20381 | Abyss:3  | Noticed a tentacled starspawn
 20381 | Abyss:3  | Killed a bone dragon
 20381 | Abyss:3  | Reached XP level 16. HP: 97/106 MP: 16/16
 20396 | Abyss:3  | Killed a tentacled starspawn
 20428 | D:14     | Escaped the Abyss
 20511 | D:14     | Killed Louise
 20610 | D:14     | Noticed Sonja
 20619 | D:14     | Killed Sonja
 20619 | D:14     | Received a gift from Okawaru
 20745 | D:14     | Found a gate to the Vaults.
 20803 | D:14     | Noticed Roxanne
 20841 | D:14     | Found Miakh's Blood Bar.
 20885 | D:14     | Killed Roxanne
 20886 | D:14     | Identified Roxanne's Compendium of Shape Shifting (You took it off Roxanne on level 14 of the Dungeon)
 20981 | D:14     | Found Cippupyo's General Store.
 21062 | D:14     | Noticed Rupert
 21064 | D:14     | Paralysed by Rupert for 6 turns
 21079 | D:14     | Killed Rupert
 21383 | D:14     | Noticed Nessos
 21396 | D:14     | Killed Nessos
 21418 | D:15     | Entered Level 15 of the Dungeon
 21832 | D:15     | Received a gift from Okawaru
 21947 | D:15     | Learned a level 1 spell: Animate Skeleton
 22631 | D:15     | Found a staircase to the Depths.
 22718 | D:13     | Reached skill level 15 in Armour
 22835 | Orc:1    | Entered Level 1 of the Orcish Mines
 22860 | Orc:2    | Entered Level 2 of the Orcish Mines
 23099 | Orc:2    | Noticed Saint Roka
 23251 | Orc:2    | Killed Saint Roka
 23251 | Orc:2    | Received a gift from Okawaru
 23251 | Orc:2    | Reached skill level 15 in Fighting
 23254 | Orc:2    | Got a crude mace {god gift}
 23255 | Orc:2    | Identified the +4 mace of the Magi {crush, rF- rN+ Int+3} (Okawaru gifted it to you on level 2 of the Orcish Mines)
 23435 | Orc:2    | Reached XP level 17. HP: 113/113 MP: 17/17
 23687 | Orc:2    | Found a roughly hewn altar of Beogh.
 23785 | Orc:2    | Found Izxyejag's Armour Emporium.
 23856 | Orc:2    | Bought the +10 large shield of Ignorance {rN+ Int-4} for 859 gold pieces
 23915 | Orc:2    | Gained mutation: You are frail. (-10% HP) [a neqoxec]
 24044 | Orc:2    | Found Edghusu's Weapon Shop.
 24254 | Orc:2    | Found a roughly hewn altar of Beogh.
 24387 | Orc:2    | Found Pimes's Assorted Antiques.
 24417 | Orc:2    | Bought a potion of heal wounds for 105 gold pieces
 24423 | Orc:2    | Found Laodenen's Armour Shoppe.
 24626 | Orc:2    | Received a gift from Okawaru
 24733 | Orc:2    | Found a staircase to the Elven Halls.
 25279 | Swamp:1  | Entered Level 1 of the Swamp
 25382 | Swamp:1  | Received a gift from Okawaru
 25934 | Swamp:2  | Noticed Aizul
 25972 | Swamp:2  | Killed Aizul
 26846 | Swamp:3  | Reached skill level 15 in Maces & Flails
 27096 | Swamp:3  | Received a gift from Okawaru
 27112 | Swamp:3  | Reached XP level 18. HP: 108/108 MP: 18/18
 27380 | Swamp:4  | Entered Level 4 of the Swamp
 27541 | Swamp:4  | Noticed Akett's ghost (adept NaSu)
 27611 | Swamp:4  | Killed Akett's ghost
 28167 | Swamp:4  | Got a decaying rune of Zot
 28443 | Spider:1 | Entered Level 1 of the Spider Nest
 28443 | Spider:1 | Noticed Donald
 28461 | Spider:1 | Killed Donald
 28641 | Spider:1 | Received a gift from Okawaru
 30776 | Spider:4 | Entered Level 4 of the Spider Nest
 30981 | Spider:4 | Reached XP level 19. HP: 114/114 MP: 19/19
 31369 | Spider:4 | Received a gift from Okawaru
 31412 | Spider:4 | Noticed Arachne
 31440 | Spider:4 | Killed Arachne
 31568 | Spider:4 | Received a gift from Okawaru
 31635 | Spider:4 | Received a gift from Okawaru
 32119 | Spider:4 | Got a gossamer rune of Zot
 32467 | Spider:3 | Reached skill level 10 in Dodging
 32732 | Vaults:1 | Entered Level 1 of the Vaults
 32835 | Vaults:1 | Found Zuityseqo's Food Shop.
 33339 | Vaults:1 | Got a translucent glass ring
 33394 | Vaults:1 | Identified the ring "Vaather" {+Fly Int+2 Dex-5 SInv} (You found it on level 1 of the Vaults)
 33634 | Vaults:1 | Reached XP level 20. HP: 122/122 MP: 20/20
 34190 | Vaults:2 | Received a gift from Okawaru
 34291 | Vaults:2 | Paralysed by a great orb of eyes for 3 turns
 35914 | Vaults:3 | Noticed Frederick
 35947 | Vaults:3 | Killed Frederick
 35947 | Vaults:3 | Received a gift from Okawaru
 36107 | Vaults:3 | Found a staircase to the Crypt.
 36131 | Vaults:3 | Reached XP level 21. HP: 112/127 MP: 21/21
 36165 | Vaults:3 | Got a smoking bone ring
 36166 | Vaults:3 | Identified the ring "Foss" {rN+ MR+ Str+4 Dex+3} (You found it on level 3 of the Vaults)
 36802 | Vaults:3 | Found Ysulycarr's Gadget Shoppe.
 36940 | Vaults:3 | Got a shimmering copper ring
 36962 | Vaults:3 | Identified the ring "Vypa" {+Blink MR- MP+9 Dex+5} (You found it on level 3 of the Vaults)
 37326 | Vaults:3 | Received a gift from Okawaru
 37612 | Vaults:4 | Found Hasmeser's Assorted Antiques.
 38536 | Vaults:4 | Reached XP level 22. HP: 135/135 MP: 22/22
 38684 | Vaults:5 | Entered Level 5 of the Vaults
 38930 | Vaults:4 | Received a gift from Okawaru
 38936 | Vaults:4 | Got a twisted eveningstar {god gift}
 38937 | Vaults:4 | Identified the +6 eveningstar "Madugi" {antimagic, rN++ Str+2} (Okawaru gifted it to you on level 4 of the Vaults)
 39107 | Vaults:5 | Noticed an ancient lich
 39108 | Vaults:5 | Cast into level 5 of the Abyss (an ancient lich)
 39108 | Abyss:5  | Entered Level 5 of the Abyss
 39110 | Abyss:5  | Found a corrupted altar of Lugonu.
 39197 | Abyss:5  | Paralysed by accursed screaming for 1 turns
 39204 | Abyss:5  | Paralysed by accursed screaming for 2 turns
 39212 | Abyss:5  | Paralysed by accursed screaming for 2 turns
 39251 | Vaults:5 | Escaped the Abyss
 39408 | Vaults:4 | Killed an ancient lich
 39632 | Vaults:5 | Received a gift from Okawaru
 40119 | Vaults:5 | Received a gift from Okawaru
 40142 | Vaults:5 | Identified the +1 crystal plate armour of the Robin {MP+9} (Okawaru gifted it to you on level 5 of the Vaults)
 40319 | Vaults:5 | Paralysed by a sphinx for 6 turns
 40423 | Vaults:5 | Noticed an ancient lich
 40444 | Vaults:5 | Killed an ancient lich
 40444 | Vaults:5 | Reached XP level 23. HP: 140/140 MP: 23/23
 40688 | Vaults:5 | Found Ziloc's Book Shoppe.
 40697 | Vaults:5 | Got a steaming marble ring
 40698 | Vaults:5 | Identified the cursed ring "Fugumnyw" {rElec rPois EV-3} (You found it on level 5 of the Vaults)
 41020 | Vaults:5 | Noticed a golden dragon
 41043 | Vaults:5 | Killed a golden dragon
 41170 | Vaults:5 | Found Lux Yxotz's Distillery.
 41180 | Vaults:5 | Noticed a golden dragon
 41213 | Vaults:5 | Killed a golden dragon
 41213 | Vaults:5 | Received a gift from Okawaru
 41240 | Vaults:5 | Got a silver rune of Zot
 41268 | Vaults:5 | Paralysed by an ogre mage for 5 turns
 41549 | Vaults:4 | Paralysed by an orc sorcerer for 7 turns
 41921 | Elf:1    | Entered Level 1 of the Elven Halls
 42003 | Elf:1    | Found Loghux's Weapon Boutique.
 42179 | Elf:1    | Noticed Agnes
 42212 | Elf:1    | Killed Agnes
 42229 | Elf:1    | Found an ancient bone altar of Kikubaaqudgha.
 42358 | Elf:1    | Found Wybli's Antique Weapon Shop.
 42770 | Elf:1    | Found Mushe's Food Shop.
 42913 | Elf:2    | Received a gift from Okawaru
 42961 | Elf:2    | Identified the +2 morningstar "Eguck" {protect, Int+5} (Okawaru gifted it to you on level 2 of the Elven Halls)
 43385 | Elf:2    | Found a runed gate.
 43386 | Elf:2    | Found a runed gate.
 43392 | Elf:2    | Found a runed gate.
 43590 | Elf:2    | Reached XP level 24. HP: 143/147 MP: 23/23
 43911 | Elf:3    | Entered Level 3 of the Elven Halls
 43943 | Elf:3    | Received a gift from Okawaru
 43944 | Elf:3    | Found a deep blue altar of Sif Muna.
 43946 | Elf:3    | Got a steaming scarf {god gift}
 43957 | Elf:3    | Identified the scarf of the Armadillo {MR+ Regen+ SInv} (Okawaru gifted it to you on level 3 of the Elven Halls)
 45282 | Elf:3    | Got a coiled platinum ring
 45447 | Elf:3    | Identified the Compendium of Evil
 45452 | Elf:3    | Identified the Compendium of Congealing Transmigration
 45455 | Elf:3    | Got a transparent ivory ring
 45459 | Elf:3    | Identified the ring of Lereokec {+Inv +Fly MR- EV+2} (You took it off a deep elf sorcerer on level 3 of the Elven Halls)
 45460 | Elf:3    | Identified the ring "Vopnas" {Slay+2 SInv} (You found it on level 3 of the Elven Halls)
 45884 | Depths:1 | Entered Level 1 of the Depths
 46136 | Depths:1 | Received a gift from Okawaru
 46165 | Depths:1 | Mangled by an iron troll

Vault maps used:
D:1:      dpeg_arrival_yet_another_circle, minmay_tree_intersection
D:2:      first_bread, chequers_ecumenical_altar_simple_redux
D:3:      minitemple, uniq_robin, uniq_ijyb
D:4:      minmay_temple_entry_poolview, serial_shops, nicolae_shop_statue_plus,
          roderic_aztec_sauvastika
D:5:      cheibrodos_thug_alley, uniq_menkaure
D:6:      lemuel_doored_altar, fedhas_altar_decomposition, uniq_sigmund
D:7:      uniq_duvessa
D:8:      kennysheep_little_box, kiku_gazebo_garden_becter,
          grunt_temple_overflow_open, serial_shops, shop,
          hangedman_little_slice_of_home
D:9:      nicolae_overflow_crystal_walls, eat_drink_and_be_merry_uskayaw,
          minmay_hollow_rounded_squares
D:10:     orc_0_dummy, serial_shops, shop_fountains, st_stairs_13
D:11:     erik_lair_dragon, st_stairs_4, minivault_25_ag, uniq_erolcha,
          uniq_maurice, uniq_snorg
D:12:     minmay_three_doors
D:14:     david_vaults_2, kennysheep_pointless_box, serial_shops, shop,
          guppyfry_shop_blood, uniq_nessos, uniq_roxanne, uniq_sonja,
          uniq_louise, uniq_rupert
D:15:     grunt_enter_depths_magical_seal, lightli_corner_chamber
Temple:   cyrus_circular_temple
Lair:1:   beast_lair_carwin_4, grunt_megastairs_1
Lair:2:   portal_ice_cave_entry_ice_beasts, grunt_megastairs_3
Lair:3:   nicolae_swamp_entry_splash_gauntlet, wad_woods_river_01,
          uniq_gastronok, uniq_fannar, uniq_nergalle
Lair:4:   spider_nest_entry_web_field, minivault_11
Lair:5:   beast_lair_carwin_large_4, minmay_slime_entry_pillars,
          lemuel_fruit_fields, lemuel_fruit_fields, lemuel_fruit_tree
Lair:6:   minmay_lair_end_frog_pond, lemuel_old_faithful,
          infiniplex_staircase_pool, uniq_josephine
Swamp:1:  serial_swamp_ruin, evilmike_swamp_ruin_house_6,
          evilmike_swamp_ruin_house_5, swamp_pool4
Swamp:2:  hangedman_swamp_ruin_wall, uniq_aizul
Swamp:3:  evilmike_swamp_ruin_rubble_1
Swamp:4:  swamp, swamp_pool4
Spider:1: nicolae_spider_webbed_stairs, hangedman_spider_tarantella_strand,
          uniq_donald
Spider:3: spider_trap
Spider:4: johnstein_spider_rune_arachne_lair
Orc:1:    statue_in_the_mist_lemuel, minmay_orc_keep
Orc:2:    pubby_orc_utopia, uniq_saint_roka
Elf:1:    minmay_elf_arrival_circle, serial_shops, nicolae_shop_waterfront,
          shop, shop, basic_altar, hangedman_elven_crosses_minicolossus,
          uniq_agnes
Elf:3:    elf_hall, basic_altar
Vaults:1: vaults_room_hallway, ontoclasm_vaults_fire_temple, v_misc_13,
          dpeg_vaults_monster_box, vaults_room_ringed_pool, vaults_mumra_hex,
          hangedman_vaults_stagger, vaults_dpeg_hooks,
          nicolae_vaults_yaktaur_gun_rack, hangedman_vaults_trim,
          hangedman_vaults_maws, serial_shops, nicolae_shop_crystal
Vaults:2: v_misc_5, nicolae_vaults_ninety_degrees, grunt_vaults_hallway_long,
          v_rooms_3, hangedman_vaults_corner, st_check, v_misc_10,
          ontoclasm_vaults_gateway, ontoclasm_vaults_decontamination
Vaults:3: vaults_mumra_minichess_inversion, nicolae_vaults_big_angled_halls,
          vaults_room_boxed, vaults_room_door_ring, grunt_vaults_funneled_arena,
          vaults_room_door_hall, vaults_room_hallway,
          nicolae_vaults_little_squares_1, hangedman_vaults_hat,
          vaults_room_stairs_pillars, v_misc_27, v_misc_16, v_misc_27,
          vaults_dpeg_cross, serial_shops, nicolae_shop_crystal, uniq_frederick
Vaults:4: nicolae_vaults_alarming, vaults_room_door_ring,
          nicolae_vaults_three_branches, vaults_room_corners, v_misc_8,
          hangedman_vaults_impose, v_rooms_2, nicolae_vaults_disjoint_gnomons,
          hangedman_vaults_maws, nicolae_vaults_little_squares_2,
          nicolae_vaults_little_squares_2, serial_shops, nicolae_shop_trees
Depths:1: enter_ziggurat_c, minmay_misc_feat_room,
          pf_vacation_house_of_asmodeus, minmay_the_grid_square_5x5_4x4_mashed
Abyss:3:  evilmike_abyss_exit_8, minivault_1
Abyss:5:  hangedman_steaming_rock, minivault_28, grunt_abyss_rune_wretched_hive,
          guppyfry_abyss_exit_imp_island
IceCv:    ice_cave_caverns_02

Skill      XL: |  1  2  3  4  5  6  7  8  9 10 11 12 13 14 15 16 17 18 19 20 21 22 23 24 |
---------------+-------------------------------------------------------------------------+-----
Shields        | 4 5 7 8 9 10 11 13 14 15 16 17 18 19 20 21 | 21.6
Fighting       | 4 6 7 8 9 10 12 13 14 15 16 17 18 19 20 21 | 21.0
Maces & Flails | 3 4 5 6 7 8 9 10 11 12 13 14 15 16 17 18 19 20 | 20.0
Armour         | 4 5 6 7 8 10 11 12 13 14 15 16 17 18 19 20 | 20.9
Dodging        | 1 2 3 4 5 6 7 8 9 10 11 12 | 12.5
Stealth        | |  0.8
Unarmed Combat | |  0.2
Necromancy     | |  0.7

Action                   |  1- 3 |  4- 6 |  7- 9 | 10-12 | 13-15 | 16-18 | 19-21 | 22-24 || total
-------------------------+-------+-------+-------+-------+-------+-------+-------+-------++-------
Melee: Flail             |   166 |   239 |   571 |  1144 |  1716 |   397 |       |       ||  4233
       Unarmed           |       |    13 |       |       |       |       |       |       ||    13
       Demon whip        |       |       |       |       |       |  1806 |  2083 |  1632 ||  5521
 Abil: Fly               |       |       |       |       |     1 |       |       |       ||     1
  Use: Potion            |     3 |     4 |     5 |     9 |     7 |     2 |       |     6 ||    36
       Scroll            |     2 |     5 |     9 |     4 |    13 |    15 |     7 |    20 ||    75
 Stab: Invisible         |       |       |     3 |     5 |       |       |       |       ||     8
       Petrified         |       |       |       |       |     6 |       |       |       ||     6
       Distracted        |       |       |       |       |       |       |     1 |       ||     1
  Eat: Chunk             |     1 |     6 |    14 |    31 |    31 |    34 |    24 |    25 ||   166
       Royal jelly       |       |       |       |     1 |       |     1 |     1 |       ||     3
Armor: Scale mail        |    10 |       |       |       |       |       |       |       ||    10
       Chain mail        |   151 |   148 |       |       |       |       |       |       ||   299
       Crystal plate arm |       |    16 |   612 |   906 |  1174 |   726 |   535 |   419 ||  4388
Dodge: Dodged            |    57 |    56 |    34 |   225 |   518 |   263 |   282 |   198 ||  1633
Block: Shield            |   121 |   107 |   397 |   897 |  1264 |    38 |       |       ||  2824
       Reflection        |       |       |       |    11 |       |       |       |       ||    11
       Large shield      |       |       |       |       |       |  2158 |  2346 |  1475 ||  5979
